 Dungeon Crawl Stone Soup version 0.31.0-12-g77e489cdc1 (webtiles) character file.

Game seed: 12424550039328717755

240 ChrisAssaf the Sneak (level 5, -6/46 HPs)
             Began as a Draconian Delver on Feb 14, 2024.
             Mangled by Duvessa
             ... wielding a +2 short sword of electrocution
              (8 damage)
             ... on level 5 of the Dungeon.
             The game lasted 00:04:08 (630 turns).

ChrisAssaf the Sneak (Draconian Delver)              Turns: 630, Time: 00:04:09

Health: -6/46      AC:  5    Str: 15    XL:     5   Next: 79%
Magic:  1/6        EV: 12    Int: 12    God:
Gold:   53         SH:  0    Dex: 12    Spells: 5/6 levels left

rFire   . . .        g - +2 short sword (venom)
rCold   . . .        (no shield)
rNeg    . . .        (body armour unavailable)
rPois   .            (helmet restricted)
rElec   .            (no cloak)
rCorr   .            (no gloves)
SInv    .            (no boots)
Will    .....        (no amulet)
Stlth   +++          (no ring)
HPRegen 0.27/turn    (no ring)
MPRegen 0.10/turn

%: no passive effects
@: attractive, very slightly contaminated
A: AC +5, unfitting armour, cold-blooded
a: no special abilities


You were on level 5 of the Dungeon.
You visited 1 branch of the dungeon, and saw 1 of its levels.

You collected 53 gold pieces.

Inventory:

Hand Weapons
 a - a +0 hand axe
 g - a +2 short sword of venom (weapon)
Wands
 f - a wand of digging (2)
Scrolls
 c - a scroll of revelation


   Skills:
 * Level 3.9 Fighting
 * Level 1.3 Short Blades
 * Level 2.6 Axes
 * Level 2.4 Dodging
 * Level 5.9 Stealth
 * Level 1.2 Spellcasting
 + Level 0.1 Conjurations
 * Level 1.4 Evocations


You had 5 spell levels left.
You knew the following spells:

 Your Spells              Type           Power      Damage    Failure   Level
a - Foxfire               Conj/Fire      0%         2x1d4     28%         1

Your spell library contained the following spells:

 Spells                   Type           Power      Damage    Failure   Level
 Plasma Beam              Fire/Air       0%         2x1d10    100%        6
 Starburst                Conj/Fire      0%         6d3       100%        6


Dungeon Overview and Level Annotations

Branches:
Dungeon (5/15)
 Temple: D:4-7

Altars:

Annotations:
D:5 Dowan, Duvessa


Innate Abilities, Weirdness & Mutations

Your plain brown scales are hard. (AC +5)
You cannot fit into any form of body armour.
You are cold-blooded and may be slowed by cold attacks.


Message History

Duvessa attacks as she pursues you!
Duvessa hits you with a +2 short sword of electrocution.
Dowan says, "Stay away from my face!"
Aiming: Dig
Press: ? - help, Shift-Dir - straight line A rock wall.
The rock shatters into small pieces.
Duvessa hits you with a +2 short sword of electrocution!
Duvessa attacks as she pursues you! Duvessa barely misses you.
Duvessa attacks as she pursues you!
Duvessa hits you with a +2 short sword of electrocution.
Okay, then.
It was a potion of attraction.
You feel attractive to monsters.
Duvessa hits you with a +2 short sword of electrocution.
Dowan says, "Magic and the sword, together, will defeat you."
Dowan is attracted toward you. Duvessa attacks as she pursues you!
Duvessa closely misses you.
Dowan says, "Magic and the sword, together, will defeat you."
Dowan casts a spell.
Dowan blinks!
You barely miss Duvessa.
Duvessa is lightly wounded.
Duvessa hits you with a +2 short sword of electrocution!
* * * LOW HITPOINT WARNING * * *
Dowan closely misses you.
You hit Duvessa.
Duvessa is poisoned.
Your tail-slap misses Duvessa.
Duvessa is lightly wounded.
Duvessa gestures with her weapon.
Duvessa closely misses you.
You closely miss Dowan. Dowan gestures at you while chanting.
You resist with some effort.
Duvessa hits you with a +2 short sword of electrocution.
* * * LOW HITPOINT WARNING * * *
Unknown command.
You hit Dowan but do no damage.
Dowan is poisoned.
Your tail-slap misses Dowan.
Dowan closely misses you.
Duvessa hits you with a +2 short sword of electrocution!
You die...

### #.# #.# #.# #e#
#@# #e# ###.## #####
#....# #...#
#....#########...###
+....+..............
#....##..#####......
####>...............
#.#.......####...


You could see Duvessa (very poisoned) and Dowan (very poisoned).

Vanquished Creatures
  An ogre (D:5)
  3 hounds (D:5)
  An iguana (D:5)
  An orc wizard (D:5)
  An adder (D:5)
  2 ufetubi (D:5)
  An orc (D:5)
10 creatures vanquished.

Vanquished Creatures (others)
  13 foxfires (D:5)
13 creatures vanquished.

Grand Total: 23 creatures vanquished

Notes
Turn   | Place    | Note
-------+----------+-------------------------------------------
     0 | D:5      | ChrisAssaf the Draconian Delver began the quest for the
                  | Orb.
     0 | D:5      | Reached XP level 1. HP: 19/19 MP: 1/1
   103 | D:5      | Noticed an ice beast
   191 | D:5      | Noticed a hound
   202 | D:5      | Killed a hound
   203 | D:5      | Reached skill level 5 in Stealth
   203 | D:5      | Reached XP level 2. HP: 22/26 MP: 2/2
   203 | D:5      | Reached XP level 3. HP: 26/31 MP: 3/3
   268 | D:5      | Reached XP level 4. HP: 32/39 MP: 3/5
   283 | D:5      | Reached skill level 1 in Evocations
   356 | D:5      | Reached skill level 1 in Short Blades
   356 | D:5      | Reached skill level 1 in Spellcasting
   356 | D:5      | Reached XP level 5. HP: 23/46 MP: 6/6
   479 | D:5      | Noticed an ogre
   498 | D:5      | Learned a level 1 spell: Foxfire
   518 | D:5      | Killed an ogre
   606 | D:5      | Noticed Duvessa
   617 | D:5      | Noticed Dowan
   629 | D:5      | HP: 2/46 [Duvessa/+2 short sword of electrocution (4)]
   630 | D:5      | Mangled by Duvessa

Illustrated notes

Levels and vault maps discovered:
D:5:      layout_basic, xom_teletrap_fun, uniq_duvessa, uniq_ijyb,
          uniq_blork_the_orc, uniq_prince_ribbit1

Skill      XL: |  1  2  3  4 |
---------------+-------------+-----
Stealth        | 5 |  5.9
Dodging        | 2 |  2.4
Evocations     | 1 |  1.4
Short Blades   | 1 |  1.3
Spellcasting   | 1 |  1.2
Fighting       | |  3.9
Axes           | |  2.6
Conjurations   | |  0.1

Action                     |  1- 3 |  4- 6 || total
---------------------------+-------+-------++-------
  Melee: Short sword       |    17 |    23 ||    40
         Tailslap          |     1 |     4 ||     5
         Punch             |       |     1 ||     1
   Cast: Foxfire           |       |     8 ||     8
  Evoke: Wand              |       |     1 ||     1
    Use: Scroll            |     1 |     2 ||     3
         Potion            |     1 |     1 ||     2
 Armour: Skin              |    12 |    29 ||    41
  Dodge: Dodged            |    20 |    28 ||    48
